 Dungeon Crawl Stone Soup version 0.30-a0-591-g3c58d2bc28 (webtiles) character file.

Game seed: 10878237276477970580

1 MackTheKnife the Twirler (level 1, 0/14 HPs)
             Began as a Formicid Wanderer on Jan 5, 2023.
             Frozen to death by an endoplasm (4 damage)
             ... on level 1 of the Dungeon.
             The game lasted 00:00:21 (19 turns).

MackTheKnife the Twirler (Formicid Wanderer)          Turns: 19, Time: 00:00:22

Health: 0/14       AC:  3    Str: 17    XL:     1   Next: 22%
Magic:  2/2        EV: 11    Int: 11    God:
Gold:   0          SH:  0    Dex: 12    Spells: 1/2 levels left

rFire   . . .      SeeInvis +    a - +2 quarterstaff {staff}
rCold   . . .      Faith    .    (no shield)
rNeg    . . .      Spirit   .    d - +0 leather armour
rPois   .          Reflect  .    (helmet unavailable)
rElec   .          Harm     .    (no cloak)
rCorr   .          Rampage  .    (no gloves)
Will    .....                    (no boots)
Stlth   +                        (no amulet)
HPRegen 0.22/turn                (no ring)
MPRegen 0.08/turn                (no ring)

@: no status effects
A: permanent stasis, dig shafts and tunnels, antennae 3, four strong arms
a: Dig, Shaft Self


You were on level 1 of the Dungeon.
You visited 1 branch of the dungeon, and saw 1 of its levels.


Innate Abilities, Weirdness & Mutations

You cannot be hasted, slowed, berserked, paralysed or teleported.
You can dig through walls and to a lower floor.
You have a pair of large antennae on your head. (SInv)
Your four strong arms can wield two-handed weapons with a shield.


   Skills:
 + Level 0.4 Fighting
 - Level 3.0 Staves
 - Level 1.0 Dodging
 - Level 1.2 Stealth
 - Level 1.1 Spellcasting
 - Level 2.4 Hexes
 - Level 2.1 Evocations


You had one spell level left.
You knew the following spells:

 Your Spells              Type           Power      Damage    Failure   Level
a - Slow                  Hex            20%        N/A       14%         1

Your spell library contained the following spells:

 Spells                   Type           Power      Damage    Failure   Level
 Summon Guardian Golem    Hex/Summ       3%         N/A       58%         3

Inventory:

Hand Weapons
 a - a +2 quarterstaff (weapon) {staff}
Armour
 d - a +0 leather armour (worn)
Wands
 b - a wand of flame (3)
Scrolls
 c - a scroll of fear

Dungeon Overview and Level Annotations

Branches:
Dungeon (1/15) Zot: 5978

Altars:

#...$......####
#..............
#...K..........
#..............
.....g.........
#...........
#........# ###
#..@..# #..#######J##
## #....####...####..
#.....#..K..#....
#8..~....~....~..
##...~..~~~..~...
##.:B.)~~~~~~~....
#....~~~~...~~~~..
......~~~~~..<..~~~~~


You could see an endoplasm, a goblin and 2 kobolds.


Message History

🤖 Initializing magus.rc ...
Options error: Delay interrupt name "hungry" not recognised. (~/.crawlrc:4771) Options error: Bad monster_list_colour key: strict_neutral (~/.crawlrc:4786) Bad channel name for runrest: 'pray:' ✅ Successfully initialized magus.rc [v1.9.6] Welcome, MackTheKnife the Formicid Wanderer.
It is said that the Orb of Zot exists deep within this dungeon.
Press ? for a list of commands and other information.
Found a dagger and a book of Debilitation.
Found a staircase leading out of the dungeon.
You begin with the following items: a +2 quarterstaff {staff}, a wand of flame (3), a scroll of fear, a +0 leather armour; and the following spell memorised: Slow; and the following spells available to memorise: Summon Guardian Golem.
You enter the shallow water.
Moving in this stuff is going to be slow.
A hobgoblin comes into view.
The hobgoblin shouts!
A hobgoblin is nearby!
A hobgoblin is nearby!
A hobgoblin is nearby!
You see here a +0 dagger {short}.
You enter the shallow water.
Moving in this stuff is going to be slow.
A kobold comes into view. It is wielding a +0 dagger.
The kobold shouts!
An endoplasm comes into view.
The endoplasm quivers.
The hobgoblin hits you. x2 😮 HP[-5]
You take 5 damage, and now have 8/13 hp.
MASSIVE DAMAGE!! (PAUSE)
You are too injured to fight recklessly!
You are too injured to fight recklessly!
You are too injured to fight recklessly!
The hobgoblin attacks as you move away! The hobgoblin barely misses you.
The hobgoblin attacks as you move away! The hobgoblin closely misses you.
You see here a +0 dagger {short}. 😮 HP[+1]
You closely miss the hobgoblin. The hobgoblin misses you.
The hobgoblin attacks as you move away! The hobgoblin hits you.
* * * LOW HITPOINT WARNING * * *
😨 HP[-4]
You take 4 damage, and now have 5/13 hp.
MASSIVE DAMAGE!! (PAUSE) 😨 HP[+1]
The hobgoblin attacks as you move away!
The hobgoblin hits you but does no damage.
A goblin comes into view. It is wielding a +2 dagger of pain.
You sock the hobgoblin!
You kill the hobgoblin!
The goblin shouts!
A kobold comes into view.
It is wielding a +0 short sword. 😨 HP[+1]
You now have 14 max hp (+1).
The endoplasm freezes you.
You are frozen.
* * * LOW HITPOINT WARNING * * *
The kobold barely misses you.
A giant cockroach comes into view.
You see here a hobgoblin corpse. 😨 HP[-3]
You take 3 damage, and now have 4/14 hp.
MASSIVE DAMAGE!! (PAUSE) Unknown command.
The kobold attacks as you move away! The kobold closely misses you.
The kobold shouts!
Unknown command.
You hit the endoplasm. The endoplasm freezes you.
You are frozen.
* * * LOW HITPOINT WARNING * * *
You hit the endoplasm. The endoplasm freezes you.
You are frozen.
You die...

Action                   || total
-------------------------++-------
Melee: Quarterstaff      ||     4
Armor: Leather armour    ||     1
Dodge: Dodged            ||     5

Levels and vault maps discovered:
D:1:      eino_arrival_water_star, layout_basic, minmay_misc_feat_alley,
          serial_bayou_lagoon_a, roderic_roman_lattice

Notes
Turn   | Place    | Note
-------+----------+-------------------------------------------
     0 | D:1      | MackTheKnife the Formicid Wanderer began the quest for the
                  | Orb.
     0 | D:1      | MackTheKnife set off with the following items: a +2
                  | quarterstaff {staff}, a wand of flame (3), a scroll of
                  | fear, a +0 leather armour; and the following spell
                  | memorised: Slow; and the following spells available to
                  | memorise: Summon Guardian Golem.
     0 | D:1      | Reached XP level 1. HP: 13/13 MP: 2/2
     0 | D:1      | magus.rc [v1.9.6]
    19 | D:1      | Frozen to death by an endoplasm

Vanquished Creatures
  A hobgoblin (D:1)
1 creature vanquished.

Table legend:
 A = Non-vault XP
 B = Vault XP
 C = Vault XP percentage of total XP
 D = Non-vault monster count
 E = Vault monster count
 F = Vault count percentage of total count
                 A         B        C        D         E       F
            +---------+---------+-------+---------+---------+-------
      Total |       2 |       0 |   0.0 |       1 |       0 |   0.0
            +---------+---------+-------+---------+---------+-------
        D:1 |       2 |       0 |   0.0 |       1 |       0 |   0.0
            +---------+---------+-------+---------+---------+-------

Illustrated notes

Table legend:
 A = Kills in this place as a percentage of kills in entire the game.
 B = Kills by you in this place as a percentage of kills by you in the entire game.
 C = Kills by friends in this place as a percentage of kills by friends in the entire game.
 D = Other kills in this place as a percentage of other kills in the entire game.
 E = Experience gained in this place as a percentage of experience gained in the entire game.
 F = Experience gained in this place divided by the number of levels of this place that you have seen.
                   A       B       C       D       E      F
               +-------+-------+-------+-------+-------+----------------------
         Total | 100.0 | 100.0 |   N/A |   N/A | 100.0 |   2.0
       Dungeon | 100.0 | 100.0 |   N/A |   N/A | 100.0 |   2.0
               +-------+-------+-------+-------+-------+----------------------

Table legend: (Time is in decaauts)
 A = Elapsed time spent in this place.
 B = Non-inter-level travel time spent in this place.
 C = Inter-level travel time spent in this place.
 D = Time resting spent in this place.
 E = Time spent auto-exploring this place.
 F = Levels seen in this place.
 G = Mean time per level.
                   A        B        C        D        E       F      G
               +--------+--------+--------+--------+--------+-----+--------+
         Total |     20 |     20 |      0 |      0 |      2 |   1 |   20.0 |
       Dungeon |     20 |     20 |      0 |      0 |      2 |   1 |   20.0 |
               +--------+--------+--------+--------+--------+-----+--------+

Top non-repeatable levels by time:
     D:1: 20 daAuts
